Match 46011947
Unlisted

Match 46011947
End
Engineer Squad
Construct Weapon Support Center
Sniper
Bazooka Squad
M1919 Machine Gun Team
Construct Medical Station
Infantry Support Center
M1919 Machine Gun Team
Bazooka Squad
Selects Advanced Infantry Battlegroup
Selects Advanced Infantry Battlegroup
Selects Advanced Infantry Battlegroup
Selects Ammunition Storage
Engineer Squad
Bazooka Squad
Improved M9 Bazooka Rockets
.30 cal Machine Gun
Advanced Logistics
Survival Training
Engineer Squad
Selects M2A1 105mm Howitzer Emplacement
Selects Free Fire Drills
.30 cal Machine Gun
.30 cal Machine Gun
Brick_man
KeyOfSpectator
BOOM YOU
Movon⛑
SAMIE T
Repugnnaz
0
0

Comments sign in to comment!

No comments posted yet!